 Dungeon Crawl Stone Soup version 0.23-a0-182-g58cdd98 (webtiles) character file.

539 iamserjio the Ruffian (level 7, 20/61 HPs)
             Began as a Grey Draconian Wanderer on Sept 20, 2018.
             Quit the game on level 5 of the Dungeon.
             The game lasted 00:07:37 (3660 turns).

iamserjio the Ruffian (Grey Draconian Wanderer)     Turns: 3660, Time: 00:07:38

Health: 20/61      AC: 11    Str: 13    XL:     7   Next: 5%
Magic:  7/7        EV: 11    Int: 14    God:
Gold:   207        SH:  6    Dex: 12    Spells: 6/6 levels left

rFire    . . .     SeeInvis .   a - +2 mace
rCold    + . .     Gourm    .   c - +1 buckler
rNeg     . . .     Faith    .   (armour unavailable)
rPois    .         Spirit   .   (helmet restricted)
rElec    .         Reflect  .   (no cloak)
rCorr    +         Harm     .   (no gloves)
MR       .....                  (no boots)
Stlth    +.........             (no amulet)
HPRegen  0.20/turn              s - ring of protection from cold
MPRegen  0.10/turn              h - ring of resist corrosion

@: no status effects
A: walk through water, unfitting armour, unbreathing, cold-blooded, AC +11
a: no special abilities


You were on level 5 of the Dungeon.
You were not hungry.

You visited 1 branch of the dungeon, and saw 5 of its levels.

You collected 207 gold pieces.

Inventory:

Hand Weapons
 a - a +2 mace (weapon)
 v - a +2 short sword of venom
Missiles
 e - 2 throwing nets (quivered) {!f}
 f - 30 arrows
 w - 7 curare-tipped needles {!f}
Armour
 c - a +1 buckler (worn)
Magical Staves
 t - an uncursed staff of fire {unknown}
Jewellery
 h - a ring of resist corrosion (right hand)
 s - a ring of protection from cold (left hand)
Wands
 r - a wand of paralysis (14)
 y - a wand of flame (29)
Scrolls
 g - 2 scrolls of fear {unknown}
 i - 4 scrolls of remove curse {@r2}
 j - 2 scrolls of enchant armour
 k - a scroll of magic mapping {unknown}
 l - a scroll of blinking {unknown}
 n - 7 scrolls of teleportation
 x - a scroll of enchant weapon {unknown}
Potions
 b - 3 potions of lignification
 m - a potion of flight
 o - 2 potions of agility
 p - 3 potions of heal wounds
 q - a potion of haste
 u - 3 potions of cancellation
 z - a potion of might {unknown}
Comestibles
 d - 7 rations


   Skills:
 - Level 5.4 Fighting
 - Level 2.0 Maces & Flails
   Level 1.0 Bows
 - Level 1.0 Throwing
 - Level 4.0 Shields
 * Level 6.2 Unarmed Combat


You had 6 spell levels left.
You didn't know any spells.
Your spell library was empty.

Dungeon Overview and Level Annotations

Branches:
Dungeon (5/15)
 Temple: D:4-7

Altars:
Ashenzari
Makhleb
Vehumet

Annotations:
D:2 1 runed door


Innate Abilities, Weirdness & Mutations

You can walk through water.
Your dull iron-grey scales are very hard. (AC +11)
You cannot fit into any form of body armour.
You can survive without breathing.
You are cold-blooded and may be slowed by cold attacks.


Message History

The helpless ice beast fails to defend itself.
You hit the ice beast but do no damage.
The crimson imp blinks!
The orc hits you with a mace of holy wrath.
The helpless ice beast fails to defend itself.
You hit the ice beast.
The ice beast is no longer paralysed.
The ice beast hits you. The ice beast freezes you. You resist.
The orc barely misses you. The ice beast misses you.
You barely miss the ice beast. The orc closely misses you.
The ice beast hits you but does no damage.
You hit the ice beast.
You kill the ice beast!
Your Unarmed Combat skill increases to level 6!
You have reached level 7!
Your scales start taking on a dull iron-grey colour.
You learn Air Magic much slower.
You learn Earth Magic much quicker.
You can walk through water.
You feel breathless.
You hear the slow hiss of a distant avalanche of sand.
The orc hits you with a mace of holy wrath.
The crimson imp shouts, "Despond, thou currish fen-sucked dingleberry!"

#...............##.#
#
#...............##.
.................##.
##................##
##...)...........#
##.............##
.............## #
###.####.#.####...#
#. #...@Jw..... #
##..#o.....#
.....##5....#
....##.w .....# ###.
.### ....# # . .....
## .... ##..


You could see a worm, a jelly, a crimson imp and an orc.

Vanquished Creatures
  An ice beast (D:5)
  A sky beast (D:5)
  A centaur zombie (D:5)
  An orc priest (D:5)
  An orc wizard (D:5)
  An iguana (D:4)
  2 worker ants (D:4)
  A hound zombie (D:5)
  A worker ant zombie (D:5)
  7 adders
  An adder skeleton (D:5)
  3 worms
  3 dart slugs
  2 leopard geckos
  12 orcs
  3 ball pythons
  2 giant cockroaches (D:2)
  4 goblins
  5 hobgoblins
  4 jackals (D:2)
  10 kobolds
  A quokka (D:3)
  6 bats
  6 frilled lizards
  9 rats
88 creatures vanquished.

Notes
Turn   | Place    | Note
-------+----------+-------------------------------------------
     0 | D:1      | iamserjio the Draconian Wanderer began the quest for the
                  | Orb.
     0 | D:1      | iamserjio set off with: a +2 mace, a potion of
                  | lignification, a +0 buckler, a ration
     0 | D:1      | Reached XP level 1. HP: 23/23 MP: 1/1
   181 | D:1      | Reached skill level 1 in Unarmed Combat
   202 | D:1      | Reached XP level 2. HP: 29/29 MP: 2/2
   651 | D:1      | Reached skill level 2 in Unarmed Combat
   651 | D:1      | Reached XP level 3. HP: 20/36 MP: 3/3
  1355 | D:2      | Reached skill level 3 in Unarmed Combat
  1378 | D:2      | Reached XP level 4. HP: 31/42 MP: 4/4
  1908 | D:2      | Found a runed door.
  2317 | D:3      | Found a burning altar of Makhleb.
  2743 | D:3      | Reached XP level 5. HP: 37/48 MP: 5/5
  2955 | D:4      | Reached skill level 4 in Unarmed Combat
  3257 | D:4      | Found a radiant altar of Vehumet.
  3517 | D:5      | Entered Level 5 of the Dungeon
  3517 | D:5      | Found a shattered altar of Ashenzari.
  3545 | D:5      | Reached XP level 6. HP: 52/56 MP: 6/6
  3551 | D:5      | Reached skill level 5 in Unarmed Combat
  3596 | D:5      | Noticed a sky beast
  3614 | D:5      | Killed a sky beast
  3645 | D:5      | Noticed an ice beast
  3659 | D:5      | Killed an ice beast
  3659 | D:5      | Reached skill level 6 in Unarmed Combat
  3659 | D:5      | Your scales start taking on a dull iron-grey colour.
  3659 | D:5      | Reached XP level 7. HP: 20/61 MP: 7/7
  3659 | D:5      | Gained mutation: You can survive without breathing. [Grey
                  | Draconian growth]
  3660 | D:5      | Quit the game

Vault maps used:
D:1:      saegor_arrival_simple_e
D:2:      uniq_crazy_yiuf_cottage
D:3:      bloody_makhleb
D:4:      first_ration, grunt_decor_resistance, vehumet_altar_wand_db
D:5:      nicolae_ossuary_entry_monument, basic_altar, uniq_eustachio, uniq_ijyb

Skill      XL: |  1  2  3  4  5  6 |
---------------+-------------------+-----
Unarmed Combat | 1 2 3 4 6 |  6.2
Shields        | 2 3 4 |  4.0
Fighting       | |  5.4
Maces & Flails | |  2.0
Bows           | |  1.0
Throwing       | |  1.0

Action                   |  1- 3 |  4- 6 |  7- 9 || total
-------------------------+-------+-------+-------++-------
Melee: Mace              |    87 |   151 |       ||   238
       Tailslap          |     5 |    28 |       ||    33
       Short sword       |       |    50 |       ||    50
Evoke: Wand              |       |     2 |       ||     2
  Use: Scroll            |       |     7 |       ||     7
       Potion            |       |     1 |       ||     1
 Stab: Sleeping          |     1 |       |       ||     1
       Paralysed         |       |    11 |       ||    11
  Eat: Chunk             |     2 |     7 |       ||     9
Armor: Skin              |    33 |    45 |       ||    78
Dodge: Dodged            |    45 |   113 |       ||   158
Block: Buckler           |    14 |    53 |       ||    67

Table legend:
 A = Non-vault XP
 B = Vault XP
 C = Vault XP percentage of total XP
 D = Non-vault monster count
 E = Vault monster count
 F = Vault count percentage of total count
                 A         B        C        D         E       F
            +---------+---------+-------+---------+---------+-------
      Total |     769 |       2 |   0.3 |      87 |       1 |   1.1
            +---------+---------+-------+---------+---------+-------
        D:1 |      44 |       0 |   0.0 |      20 |       0 |   0.0
        D:2 |     103 |       0 |   0.0 |      27 |       0 |   0.0
        D:3 |      51 |       0 |   0.0 |      21 |       0 |   0.0
        D:4 |     132 |       2 |   1.5 |       8 |       1 |  11.1
        D:5 |     439 |       0 |   0.0 |      11 |       0 |   0.0
            +---------+---------+-------+---------+---------+-------
